AoeStats
← cfosorioq

Arena

509230521Analyzed
1v1 RM · 7d ago on Sep 26, 2026· 20m 35s· 2 players
Game mode
Random Map
Map size
Tiny (2 player)
Population
200
Speed
Normal
Resources
Standard
Victory
Conquest
Starting age
Dark Age
Ending age
Imperial Age
RankedLock teamsTeams togetherTeam positionsShared explorationLock speedFull tech treeHidden civsTurbo modeCheats
Victory
Defeat
🇪🇸 Britons · Spain
1059
+16
🇨🇴 Saxons · Colombia
1065
-16
Kikips93
12:02 Feudal Age
15:55 Castle Age
14:34 Loom
14:34 Horse Collar
14:43 Double-Bit Axe
15:17 Fletching
15:46 Gold Mining
18:59 Bow Saw
cfosorioq
11:05 Feudal Age
15:04 Castle Age
13:20 Double-Bit Axe
14:05 Gold Mining
Connection lost

Rejoining the realm…

Still unreachable

The connection could not be restored.

Session expired

The server has moved on; the page needs a fresh start.